 Dungeon Crawl Stone Soup version 0.29.1-2-gbd0b4ee654 (webtiles) character file.

Game seed: 26067029945752405

162 GorkyZ the Covered (level 5, 0/33 HPs)
             Began as a Gargoyle Fighter on Nov 29, 2022.
             Killed by divine providence
             ... invoked by an orc priest
              (14 damage)
             ... on level 4 of the Dungeon.
             The game lasted 00:05:29 (3665 turns).

GorkyZ the Covered (Gargoyle Fighter)               Turns: 3665, Time: 00:05:30

Health: 0/33       AC: 12    Str: 19    XL:     5   Next: 43%
Magic:  5/5        EV:  8    Int:  9    God:
Gold:   147        SH:  8    Dex: 11    Spells: 4/4 levels left

rFire   . . .      SeeInvis .   a - +0 war axe
rCold   . . .      Faith    .   p - +0 kite shield
rNeg    + . .      Spirit   .   b - +0 scale mail
rPois   ∞          Reflect  .   (no helmet)
rElec   +          Harm     .   (no cloak)
rCorr   .          Rampage  .   n - +0 pair of gloves
Will    .....                   (no boots)
Stlth   ..........              (no amulet)
HPRegen 0.11/turn               (no ring)
MPRegen 0.09/turn               (no ring)

@: no status effects
A: sickness immunity, AC +4, negative energy resistance 1, electricity
resistance, torment resistance 1, petrification resistance
a: no special abilities


You were on level 4 of the Dungeon.
You visited 1 branch of the dungeon, and saw 4 of its levels.

You collected 147 gold pieces.

Inventory:

Hand Weapons
 a - a +0 war axe (weapon)
Missiles
 h - 8 poisoned darts (quivered)
Armour
 b - a +0 scale mail (worn)
 c - a +0 buckler
 n - a +0 pair of gloves (worn)
 p - a +0 kite shield (worn)
Jewellery
 o - a ring of protection from fire
Wands
 t - a wand of roots (12)
Scrolls
 k - 3 scrolls of blinking
 l - 2 scrolls of brand weapon {unknown}
 m - 2 scrolls of noise
 q - a scroll of immolation {unknown}
 u - a scroll of identify
 v - a scroll of enchant armour {unknown}
Potions
 d - a potion of might
 e - 3 potions of invisibility
 f - 4 potions of brilliance {unknown}
 g - a potion of attraction {unknown}
 i - a potion of heal wounds {unknown}
 j - 3 potions of cancellation {unknown}
 r - 2 potions of degeneration {unknown}
 s - a potion of ambrosia {unknown}


   Skills:
 + Level 3.9 Fighting
 + Level 2.5 Axes
 + Level 1.2 Throwing
 + Level 4.0 Armour
 + Level 1.3 Dodging
 + Level 3.8 Shields
 + Level 1.3 Evocations


You had 4 spell levels left.
You didn't know any spells.
Your spell library contained the following spells:

 Spells                   Type           Power      Damage    Failure   Level
 Ensorcelled Hibernation  Hex/Ice        0%         N/A       99%         2
 Wereblood                Tmut           0%         N/A       99%         2
 Spider Form              Tmut/Pois      0%         N/A       100%        3
 Anguish                  Hex/Necr       0%         N/A       100%        4
 Corpse Rot               Necr/Pois/Air  0%         N/A       100%        4
 Dispel Undead            Necr           0%         3d6       100%        4
 Death Channel            Necr           0%         N/A       100%        6
 Summon Hydra             Summ           0%         N/A       100%        7
 Sublimation of Blood     Necr           Unusable   N/A       N/A         2

Dungeon Overview and Level Annotations

Branches:
Dungeon (4/15)
 Temple: D:4-7

Altars:
Uskayaw

Annotations:
D:4 Edmund


Innate Abilities, Weirdness & Mutations

You are immune to sickness and miasma.
Your stone body is resilient. (AC +4)
You are immune to poison.
You resist negative energy. (rN+)
You are resistant to electric shocks. (rElec)
You are resistant to unholy torment.
You are immune to petrification.


Message History

You kill the jelly!
Your Armour skill increases to level 4!
No target in view!
No target in view!
No target in view!
No target in view!
HP restored.
A quokka comes into view.
A quokka is nearby!
You closely miss the quokka. You block the quokka's attack.
The quokka closely misses you.
You closely miss the quokka. The quokka completely misses you.
You block the quokka's attack.
You slash the quokka!
You kill the quokka!
No target in view!
No target in view!
No target in view!
No target in view!
No target in view!
No target in view!
No target in view!
No target in view!
You see here a quokka corpse.
An orc priest and an orc come into view.
The orc is wielding a +2 flail of protection.
The orc shouts!
You hear a shout!
An orc priest comes into view.
It is wielding a +0 short sword of speed.
The orc priest shouts!
You hit the orc priest.
The orc priest is lightly wounded.
The orc priest mumbles some strange prayers to Beogh against you.
Beogh smites you!
The orc priest mumbles some strange prayers to Beogh against you.
Pain shoots through your body!
Edmund the Younger comes into view.
He is wielding a +2 flail of holy wrath.
An ogre comes into view. It is wielding a +0 giant club.
The orc priest calls down the wrath of Beogh upon you.
Beogh smites you!
You die... #......##+# @## ##......... .#. ##.....### # .. ##...## #... ##.## #.#. #†# oO.

#.#
#o###########.##
#.@.......##...####
#########.#........
#.##.....##
#.###.#..#.
#.#####..#.
#..........
#######.... #####


You could see Edmund (wandering), an ogre and 2 orc priests.

Vanquished Creatures
  A jelly (D:4)
  A gnoll (D:1)
  4 adders
  2 worms (D:2)
  3 dart slugs
  3 orcs (D:3)
  6 ball pythons
  4 bats
  5 endoplasms
  6 giant cockroaches
  6 goblins
  4 hobgoblins
  8 kobolds
  3 quokkas
  4 frilled lizards
  6 rats
66 creatures vanquished.

Notes
Turn   | Place    | Note
-------+----------+-------------------------------------------
     0 | D:1      | GorkyZ the Gargoyle Fighter began the quest for the Orb.
     0 | D:1      | Reached XP level 1. HP: 14/14 MP: 1/1
   373 | D:1      | Reached XP level 2. HP: 12/19 MP: 2/2
   853 | D:1      | Reached XP level 3. HP: 23/23 MP: 3/3
   859 | D:1      | Found a faded altar of an unknown god.
  1860 | D:2      | Reached XP level 4. HP: 21/28 MP: 4/4
  2211 | D:2      | Reached skill level 1 in Dodging
  2211 | D:2      | Reached skill level 1 in Evocations
  2452 | D:2      | Reached skill level 1 in Throwing
  3365 | D:3      | Reached XP level 5. HP: 33/33 MP: 5/5
  3507 | D:4      | Noticed a +0 spear
  3507 | D:4      | Noticed a +0 dagger
  3508 | D:4      | Noticed a +0 falchion
  3511 | D:4      | Noticed a +0 dagger
  3512 | D:4      | Noticed a +0 spear
  3513 | D:4      | Noticed a +0 short sword
  3513 | D:4      | Noticed a +0 falchion
  3513 | D:4      | Noticed a +0 short sword
  3515 | D:4      | Found a hide-covered altar of Uskayaw.
  3540 | D:4      | Reached skill level 4 in Armour
  3665 | D:4      | Noticed Edmund
  3665 | D:4      | Noticed an ogre
  3665 | D:4      | Killed from afar by an orc priest

Illustrated notes

Levels and vault maps discovered:
D:1:      dpeg_arrival_central, layout_basic, basic_ecumenical_altar
D:2:      layout_basic
D:3:      minmay_diamond_boxcup, layout_loops_ring,
          ebering_dispersal_statue_hall, kennysheep_big_empty_room
D:4:      layout_loops_corners, nicolae_uskayaw_en_pointe, serial_shops,
          nicolae_inconvenience_store, uniq_edmund

Skill      XL: |  1  2  3  4  5 |
---------------+----------------+-----
Axes           | 2 |  2.5
Dodging        | 1 |  1.3
Evocations     | 1 |  1.3
Throwing       | 1 |  1.2
Armour         | 4 |  4.0
Fighting       | |  3.9
Shields        | |  3.8

Action                   |  1- 3 |  4- 6 || total
-------------------------+-------+-------++-------
Melee: War axe           |   109 |   101 ||   210
  Use: Scroll            |       |     4 ||     4
Armor: Scale mail        |    69 |    63 ||   132
Dodge: Dodged            |    51 |    31 ||    82
Block: Buckler           |    28 |       ||    28
       Kite shield       |     1 |    41 ||    42
